AoeStats
← Mike Hawks Harry

Arabia

510805382Analyzed
1v1 RM · 18h ago on Oct 2, 2026· 44m 18s· 2 players
Game mode
Random Map
Map size
Tiny (2 player)
Population
200
Speed
Normal
Resources
Standard
Victory
Conquest
Starting age
Dark Age
Ending age
Imperial Age
RankedLock teamsTeams togetherTeam positionsShared explorationLock speedFull tech treeHidden civsTurbo modeCheats
Victory
Defeat
🇺🇸 Cumans · United States
1386
+17
🇦🇹 Persians · Austria
1418
-17
_EXTERMINATION_
6:21 Loom
8:45 Feudal Age
9:19 Double-Bit Axe
18:41 Town Watch
28:34 Castle Age
26:54 Fletching
30:55 Bodkin Arrow
30:21 Crossbowman
34:54 Scale Barding Armor
36:41 Wheelbarrow
36:10 Horse Collar
36:40 Bow Saw
36:56 Bloodlines
37:19 Heavy Plow
37:10 Gold Mining
38:33 Forging
42:36 Imperial Age
40:25 Hand Cart
41:30 Iron Casting
40:59 Steppe Husbandry
41:50 Stone Mining
42:43 Elite Steppe Lancer
44:55 Blast Furnace
Mike Hawks Harry
5:26 Loom
8:27 Feudal Age
8:52 Double-Bit Axe
12:14 Man-at-Arms
14:55 Scale Mail Armor
15:20 Arson
20:57 Forging
24:41 Castle Age
23:37 Scale Barding Armor
24:35 Bloodlines
24:35 Long Swordsman
26:21 Chain Mail Armor
27:26 Light Cavalry
28:20 Gambesons
33:11 Wheelbarrow
34:58 Husbandry
37:06 Town Watch
40:38 Imperial Age
39:32 Fletching
41:20 Horse Collar
41:50 Cavalier
43:13 Chain Barding Armor
44:28 Iron Casting
45:19 Plate Barding Armor
Connection lost

Rejoining the realm…

Still unreachable

The connection could not be restored.

Session expired

The server has moved on; the page needs a fresh start.